 Dungeon Crawl Stone Soup version 0.27.1-34-g3ba077fa99 (webtiles) character file.

Game seed: 15698499323780889936

153 safid the Chopper (level 5, -12/46 HPs)
             Began as a Hill Orc Fighter on Jan 19, 2022.
             Mangled by an ogre (20 damage)
             ... on level 4 of the Dungeon.
             The game lasted 00:04:23 (2652 turns).

safid the Chopper (Hill Orc Fighter)                Turns: 2652, Time: 00:04:23

Health: -12/46     AC:  9    Str: 20    XL:     5   Next: 35%
Magic:  14/14      EV:  7    Int:  8    God:
Gold:   99         SH:  9    Dex: 10    Spells: 4/4 levels left

rFire    . . .     SeeInvis .   a - +0 war axe
rCold    . . .     Faith    .   c - +0 kite shield
rNeg     . . .     Spirit   .   b - +0 scale mail
rPois    +         Reflect  .   q - +2 hat
rElec    .         Harm     .   (no cloak)
rCorr    .         Rampage  .   (no gloves)
Will     .....                  (no boots)
Stlth    ..........             (no amulet)
HPRegen  0.15/turn              l - ring of poison resistance
MPRegen  0.14/turn              s - ring of magical power

@: no status effects
A: no striking features
a: no special abilities


You were on level 4 of the Dungeon.
You visited 1 branch of the dungeon, and saw 4 of its levels.

You collected 99 gold pieces.

Inventory:

Hand Weapons
 a - a +0 war axe (weapon)
Armour
 b - a +0 scale mail (worn)
 c - a +0 kite shield (worn)
 q - a +2 hat (worn)
Jewellery
 l - a ring of poison resistance (left hand)
 s - a ring of magical power (right hand)
 t - a ring of see invisible
Scrolls
 e - a scroll of immolation {unknown}
 f - a scroll of magic mapping {unknown}
 g - 3 scrolls of identify {unknown}
 h - 3 scrolls of brand weapon {unknown}
 m - a scroll of fear {unknown}
 o - 2 scrolls of teleportation {unknown}
Potions
 d - a potion of might
 i - 2 potions of resistance {unknown}
 j - a potion of brilliance {unknown}
 k - a potion of invisibility {unknown}
 n - 2 potions of curing {unknown}
 p - 2 potions of heal wounds {unknown}
 r - a potion of haste {unknown}


   Skills:
 - Level 4.0 Fighting
 + Level 4.8 Axes
 - Level 4.0 Armour
 + Level 4.7 Shields


You had 4 spell levels left.
You didn't know any spells.
Your spell library was empty.

Dungeon Overview and Level Annotations

Branches:
Dungeon (4/15)
 Temple: D:4-7

Altars:
Dithmenos
Hepliaklqana
Sif Muna
Zin

Annotations:
D:3 3 runed translucent doors, BigCheese's ghost, weakling PaBe


Message History

You open the door.
A goblin and an ogre come into view.
The ogre shouts!
The goblin shouts!
Found a falchion and a scroll labelled LUEFON SANUDUF.
The ogre hits you with a +0 giant club!!
The goblin hits you but does no damage.
There is an open door, spattered with blood here.
There is an open door here.
Things that are here:
a +0 club; a kobold corpse
There is an open door here.
There is a stone staircase leading up here.
You block the goblin's attack.
You climb upwards.
Level annotation: 3 runed translucent doors, BigCheese's ghost, weakling PaBe
There is a stone staircase leading down here.
You hit the goblin.
You kill the goblin!
No target in view!
HP restored.
You see here a +0 club.
BigCheese's ghost turns its malevolent gaze towards you.
You see here a +0 whip.
(D) Dungeon
Where to? (Enter - D:4, ? - help)
You see here a +0 club.
There is a stone staircase leading down here.
You climb downwards.
The ogre hits you with a +0 giant club! x2
There is a stone staircase leading up, spattered with blood here.
You slash the ogre!
The ogre is heavily wounded.
The ogre hits you with a +0 giant club!
You slash the ogre!
The ogre is severely wounded.
The ogre hits you with a +0 giant club!
* * * LOW HITPOINT WARNING * * *
You hit the ogre.
The ogre is almost dead.
The ogre hits you with a +0 giant club!!
You die...

......................#
...........O..........#
..........######......#
..........# #......#
.########## #......# .#
#......# .# #......# ##
#......# #@O....#
#......# #|.....#
#......# #......#
#......# #......#
#......#


You could see an ogre.

Vanquished Creatures
  A water moccasin skeleton (D:4)
  Jessica (D:3)
  An adder (D:3)
  A worm (D:2)
  3 dart slugs (D:1)
  An orc (D:3)
  7 bats
  7 endoplasms
  3 giant cockroaches
  4 goblins
  3 hobgoblins (D:1)
  3 jackals (D:3)
  2 quokkas (D:3)
  8 ball pythons
  A frilled lizard (D:3)
  7 kobolds
  4 rats
57 creatures vanquished.

Notes
Turn   | Place    | Note
-------+----------+-------------------------------------------
     0 | D:1      | safid the Hill Orc Fighter began the quest for the Orb.
     0 | D:1      | Reached XP level 1. HP: 19/19 MP: 1/1
    85 | D:1      | Reached XP level 2. HP: 26/27 MP: 2/2
    90 | D:1      | Found a faded altar of an unknown god.
   427 | D:1      | Reached XP level 3. HP: 33/33 MP: 3/3
   564 | D:2      | Found a shadowy altar of Dithmenos.
  1477 | D:3      | Found a runed translucent gate.
  1477 | D:3      | Found a runed translucent gate.
  1477 | D:3      | Found a runed translucent gate.
  1478 | D:3      | Noticed BigCheese's ghost (weakling PaBe)
  1539 | D:3      | Reached XP level 4. HP: 40/40 MP: 4/4
  1544 | D:3      | Found a hazy altar of Hepliaklqana.
  1793 | D:3      | Found a shadowy altar of Dithmenos.
  1940 | D:3      | Found a glowing silver altar of Zin.
  2001 | D:3      | Noticed Jessica
  2015 | D:3      | Killed Jessica
  2063 | D:3      | Found a shimmering blue altar of Sif Muna.
  2345 | D:4      | Reached XP level 5. HP: 38/46 MP: 5/5
  2491 | D:4      | Noticed an ogre
  2652 | D:4      | Mangled by an ogre

Illustrated notes

Levels and vault maps discovered:
D:1:      ebering_trefoil_3fold, layout_basic, ebering_ecumenical_altar_mist,
          minmay_misc_feat_diagonals
D:2:      layout_rooms, basic_altar, roderic_lattice_a
D:3:      layout_loops_ring, tgw_sif, mainiacjoe_overflow_alcove_1,
          mainiacjoe_overflow_24_doors, mainiacjoe_overflow_tiny_flanked,
          gammafunk_ghost_necromancy
D:4:      layout_gridville, elyvilon_altar_5

Skill      XL: |  1  2  3  4 |
---------------+-------------+-----
Axes           | 3 4 |  4.8
Fighting       | 4 |  4.0
Armour         | 4 |  4.0
Shields        | 4 |  4.7

Action                   |  1- 3 |  4- 6 || total
-------------------------+-------+-------++-------
Melee: War axe           |   119 |    54 ||   173
Armor: Scale mail        |    68 |    25 ||    93
Dodge: Dodged            |    43 |    14 ||    57
Block: Kite shield       |    79 |    26 ||   105
